 Dungeon Crawl Stone Soup version 0.29.1-1-gd02db6906a (webtiles) character file.

Game seed: 12553019985316830536

774 croobank the Caller (level 7, 0/46 HPs)
             Began as an Octopode Summoner on Oct 4, 2022.
             Slain by an ice beast (7 damage)
             ... on level 5 of the Dungeon.
             The game lasted 00:16:20 (5422 turns).

croobank the Caller (Octopode Summoner)             Turns: 5422, Time: 00:16:20

Health: 0/46       AC:  1    Str: 13    XL:     7   Next: 84%
Magic:  6/22       EV: 14    Int: 19    God:
Gold:   311        SH:  0    Dex: 13    Spells: 3/14 levels left

rFire   . . .      SeeInvis .   s - +0 trident
rCold   + . .      Faith    .   (no shield)
rNeg    . . .      Spirit   .   (helmet restricted)
rPois   .          Reflect  .   (no amulet)
rElec   .          Harm     .   u - +6 ring of strength
rCorr   .          Rampage  .   z - ring "Hatotir" {Drain Fly rC+ Will++ MP+9}
Will    ++...                   (no ring)
Stlth   +++.......              (no ring)
HPRegen 0.15/turn               (no ring)
MPRegen 0.18/turn               (no ring)
                                (no ring)
                                (no ring)

@: on blink cooldown, flying, very slightly contaminated, invisible
A: almost no armour, amphibious, 8 rings, camouflage 1, gelatinous body 1,
(nimble swimmer 1), tentacles
a: no special abilities


You were on level 5 of the Dungeon.
You visited 1 branch of the dungeon, and saw 5 of its levels.

You collected 311 gold pieces.

Inventory:

Hand Weapons
 a - a +2 hand axe of flaming
 b - a +0 sling
 d - a +0 short sword
 f - a +0 whip
 k - a +0 mace
 l - a +1 dagger of draining
 s - a +0 trident (weapon)
Missiles
 D - 2 throwing nets
Jewellery
 u - a +6 ring of strength (left tentacle)
 z - the ring "Hatotir" (right tentacle) {Drain Fly rC+ Will++ MP+9}
   (You took it off a goblin on level 4 of the Dungeon)

   [ring of magical power]

   rC:        It protects you from cold.
   MP:        It affects your magic capacity (+9).
   Fly:       It grants you flight.
   Drain:     It drains your maximum health when unequipped.
   Will:      It greatly increases your willpower.
Wands
 y - a wand of paralysis (7)
 A - a wand of polymorph (9)
Scrolls
 e - a scroll of amnesia {unknown}
 h - a scroll of noise {unknown}
 j - 2 scrolls of magic mapping {unknown}
 q - 4 scrolls of identify {unknown}
 t - 3 scrolls of poison {unknown}
 x - a scroll of immolation {unknown}
 B - a scroll of summoning {unknown}
Potions
 c - a potion of magic
 g - 3 potions of curing
 i - 3 potions of lignification {unknown}
 m - a potion of cancellation {unknown}
 n - a potion of berserk rage {unknown}
 o - a potion of heal wounds {unknown}
 p - 3 potions of invisibility
 r - a potion of ambrosia {unknown}
 v - a potion of flight {unknown}
 w - a potion of degeneration {unknown}
 C - a potion of brilliance {unknown}


   Skills:
 + Level 3.4 Fighting
 + Level 4.2 Dodging
 - Level 3.3 Stealth
 + Level 4.0 Spellcasting
 + Level 2.1 Hexes
 + Level 5.5 Summonings
 + Level 1.6 Translocations


You had 3 spell levels left.
You knew the following spells:

 Your Spells              Type           Power      Damage    Failure   Level
a - Summon Small Mammal   Summ           100%       N/A       1%          1
b - Call Imp              Summ           25%        N/A       1%          2
c - Call Canine Familiar  Summ           25%        N/A       4%          3
d - Summon Guardian Gole  Hex/Summ       18%        N/A       9%          3
e - Blink                 Tloc           20%        N/A       11%         2

Your spell library contained the following spells:

 Spells                   Type           Power      Damage    Failure   Level
 Confusing Touch          Hex            11%        N/A       17%         3
 Lesser Beckoning         Tloc           10%        N/A       22%         3
 Summon Lightning Spire   Summ/Air       14%        N/A       41%         4
 Manifold Assault         Tloc           10%        N/A       89%         5
 Yara's Violent Unravell  Hex/Tmut       3%         3d4       94%         5
 Enfeeble                 Hex            5%         N/A       100%        7


Dungeon Overview and Level Annotations

Branches:
Dungeon (5/15)
 Temple: D:4-7

Altars:
Hepliaklqana
Kikubaaqudgha
The Shining One

Shops:
D:4 [

Annotations:
D:3 2 transporters, miserystealer's ghost, amateur DrWr


Innate Abilities, Weirdness & Mutations

You cannot wear most types of armour.
You are amphibious.
You can wear up to eight rings at the same time.
Your skin changes colour to match your surroundings (Stealth+).
Your rubbery body absorbs attacks. (AC +1, EV +1)
((You are camouflaged when in or above water. (Stealth+)))
You have tentacles for arms and can constrict up to eight enemies at once.


Message History

The ice beast freezes you! You resist.
* * * LOW HITPOINT WARNING * * *
Your quokka bites the ice beast but does no damage.
Your hound bites the ice beast.
The ice beast hits your quokka. The ice beast freezes your quokka!
Your quokka dies!
Your quokka's corpse disappears in a puff of smoke!
Your hound bites the ice beast but does no damage.
Your hound barely misses the ice beast.
Okay, then.
Okay, then.
Casting: Call Canine Familiar (dangerous; 4% risk of failure)
Confirm with . or Enter, or press ? or * to list all spells.
You miscast Blink.
You are very lightly contaminated with residual magic.
Nothing appears to happen.
Your hound bites the ice beast but does no damage.
The ice beast hits you.
* * * LOW HITPOINT WARNING * * *
The ice beast freezes you. You resist.
* * * LOW HITPOINT WARNING * * *
Casting: Blink (safe; 11% risk of failure)
Confirm with . or Enter, or press ? or * to list all spells.
You blink.
Your hound closely misses the ice beast.
Okay, then.
Aiming: Paralyse
Press: ? - help, Shift-Dir - straight line
Okay, then.
Aiming: Polymorph
Press: ? - help, Shift-Dir - straight line, f - ice beast
Aim: an ice beast (moderately wounded, ally target, will become a wyvern, a frilled lizard, or an adder, chance to affect: 49%)
Okay, then.
It was a potion of curing.
You feel better.
Your hound barely misses the ice beast.
The ice beast completely misses you.
You fade into invisibility!
Your hound barely misses the ice beast.
The ice beast hits you.
* * * LOW HITPOINT WARNING * * *
The ice beast freezes you! You resist.
You die...

.......##+##))..... ....
............)!..... ....
................... ...
................. ##..#
.................
##..#....######......####
#...#....# #..h...#
#...#....# #..Y...#
...<#....# #.@....#
....+....# #......#
...+#....# #......#+###
.#......# #....####.....#
+##h....# #....# #.....#
##....+ #.... #.....#
###.....# +.... #.....#
.#......# #....
##.....### .......##
....# #........#


You could see an ice beast (unable to see you, ally target) and a friendly hound
(summoned).

Vanquished Creatures
  A black bear (D:4)
  Ijyb (D:3)
  Natasha (twice) (D:3)
  Terence (D:2)
  5 adders
  An ufetubus (D:5)
  A worm (D:3)
  A dart slug (D:1)
  An orc (D:3)
  2 bats
  3 endoplasms
  2 giant cockroaches
  A goblin (D:2)
  2 hobgoblins
  5 jackals
  2 kobolds (D:2)
  A quokka (D:1)
  3 ball pythons
  A frilled lizard (D:2)
  2 rats (D:3)
38 creatures vanquished.

Vanquished Creatures (collateral kills)
  Sigmund (D:2)
  2 jellies
  A gnoll bouda (D:5)
  An orc wizard (D:4)
  Natasha (D:3)
  3 gnolls (D:5)
  2 adders
  A nameless horror (D:3)
  2 worms
  11 orcs
  2 ball pythons
  4 endoplasms (D:2)
  7 goblins
  A hobgoblin (D:1)
  2 quokkas
  A bat (D:1)
  A frilled lizard (D:2)
  6 kobolds
  A rat (D:1)
50 creatures vanquished.

Vanquished Creatures (others)
  A black bear (D:5)
  6 plants (D:3)
7 creatures vanquished.

Grand Total: 95 creatures vanquished

Notes
Turn   | Place    | Note
-------+----------+-------------------------------------------
     0 | D:1      | croobank the Octopode Summoner began the quest for the Orb.
     0 | D:1      | Reached XP level 1. HP: 11/11 MP: 3/3
   414 | D:1      | Reached XP level 2. HP: 17/17 MP: 3/5
   977 | D:1      | Learned a level 2 spell: Call Imp
  1421 | D:2      | Reached XP level 3. HP: 20/20 MP: 1/6
  1427 | D:2      | Learned a level 3 spell: Call Canine Familiar
  1819 | D:2      | Noticed Terence
  1837 | D:2      | Killed Terence
  1838 | D:2      | Reached skill level 1 in Fighting
  1838 | D:2      | Reached XP level 4. HP: 15/28 MP: 3/8
  2007 | D:2      | Noticed Sigmund
  2024 | D:2      | Killed Sigmund
  2025 | D:2      | Reached XP level 5. HP: 33/34 MP: 2/9
  2025 | D:2      | Reached XP level 6. HP: 38/39 MP: 2/10
  2029 | D:2      | Learned a level 3 spell: Summon Guardian Golem
  2263 | D:2      | Found an ancient bone altar of Kikubaaqudgha.
  2380 | D:3      | Noticed Natasha
  2396 | D:3      | Killed Natasha
  2397 | D:3      | Reached skill level 5 in Summonings
  2502 | D:3      | Found a faded altar of an unknown god.
  2613 | D:3      | Identified the +0 halberd "Qisk" {chaos, Int+7}
  2640 | D:3      | Found a transporter.
  2647 | D:3      | Noticed miserystealer's ghost (amateur DrWr)
  2659 | D:3      | Noticed Natasha
  2670 | D:3      | Killed Natasha
  2801 | D:3      | Noticed Natasha
  2803 | D:3      | Killed Natasha
  2970 | D:3      | Noticed Ijyb
  2982 | D:3      | Killed Ijyb
  2983 | D:3      | Reached skill level 1 in Hexes
  3346 | D:3      | Found a transporter.
  3653 | D:4      | Learned a level 2 spell: Blink
  3815 | D:4      | Reached XP level 7. HP: 45/45 MP: 5/12
  4192 | D:4      | Identified the ring "Hatotir" {Drain Fly rC+ Will++ MP+9}
  4337 | D:4      | Found Maotsyvi's Antique Armour Shop.
  4376 | D:4      | Reached skill level 1 in Translocations
  5047 | D:5      | Entered Level 5 of the Dungeon
  5188 | D:5      | Found a glowing golden altar of the Shining One.
  5245 | D:5      | Found a hazy altar of Hepliaklqana.
  5422 | D:5      | Slain by an ice beast

Illustrated notes

Levels and vault maps discovered:
D:1:      dpeg_arrival_shelter, layout_basic
D:2:      minmay_spotlight, layout_basic, basic_altar, uniq_sigmund,
          uniq_terence
D:3:      layout_loops_cross, gammafunk_ghost_gnarly_gnolls,
          basic_ecumenical_altar, uniq_natasha, uniq_ijyb
D:4:      layout_basic, serial_shops, nicolae_inconvenience_store,
          kennysheep_cross_room
D:5:      layout_gridville, amcnicky_altar_gilded,
          mainiacjoe_overflow_small_starburst,
          mainiacjoe_overflow_surrounded_room, xom_confusion_cloud,
          nicolae_uskayaw_en_pointe, minmay_temple_entry_antechambers,
          minmay_fractal_squares_gapless_5, uniq_pikel

Skill      XL: |  1  2  3  4  5  6  7 |
---------------+----------------------+-----
Stealth        | 3 |  3.3
Fighting       | 1 2 3 |  3.4
Dodging        | 3 4 |  4.2
Spellcasting   | 3 4 |  4.0
Summonings     | 5 |  5.5
Hexes          | 1 2 |  2.1
Translocations | 1 |  1.6

Action                   |  1- 3 |  4- 6 |  7- 9 || total
-------------------------+-------+-------+-------++-------
Melee: Unarmed           |     4 |       |       ||     4
       Mace              |    15 |       |       ||    15
       Trident           |    30 |     8 |       ||    38
       Constrict         |     7 |     6 |     1 ||    14
       Tentacles         |     4 |    13 |     2 ||    19
       Punch             |     1 |       |       ||     1
       Hand axe          |       |    33 |    12 ||    45
 Cast: Summon Small Mamm |    39 |    22 |    18 ||    79
       Call Imp          |     3 |     8 |     6 ||    17
       Call Canine Famil |     3 |     9 |    13 ||    25
       Summon Guardian G |       |       |     2 ||     2
       Blink             |       |       |     1 ||     1
  Use: Potion            |       |       |     2 ||     2
 Stab: Sleeping          |     1 |     2 |       ||     3
Armor: Skin              |     1 |     1 |     2 ||     4
Dodge: Dodged            |    19 |    27 |    23 ||    69
